 Dungeon Crawl Stone Soup version 0.28-a0-828-g0121872642 (webtiles) character file.

Game seed: 5940378687970069318

67 ytrimaz the Covered (level 3, -1/31 HPs)
             Began as a Demigod Fighter on Nov 10, 2021.
             Killed from afar by an orc wizard (6 damage)
             ... with a magic dart
             ... on level 2 of the Dungeon.
             The game lasted 00:00:55 (1245 turns).

ytrimaz the Covered (Demigod Fighter)               Turns: 1245, Time: 00:00:56

Health: -1/31      AC:  6    Str: 21    XL:     3   Next: 70%
Magic:  5/5        EV:  9    Int: 10    God:
Gold:   63         SH:  4    Dex: 13    Spells: 2/2 levels left

rFire   . . .      SeeInvis .   a - +0 war axe
rCold   . . .      Faith    .   c - +0 buckler
rNeg    . . .      Spirit   .   b - +0 scale mail
rPois   .          Reflect  .   (no helmet)
rElec   .          Harm     .   (no cloak)
rCorr   .          Rampage  .   (no gloves)
Will    .....                   (no boots)
Stlth   ..........              (no amulet)
HPRegen 0.10/turn               (no ring)
MPRegen 0.09/turn               (no ring)

@: no status effects
A: high mp 1, forlorn
a: no special abilities


You were on level 2 of the Dungeon.
You visited 1 branch of the dungeon, and saw 2 of its levels.

You collected 63 gold pieces.

Inventory:

Hand Weapons
 a - a +0 war axe (weapon)
Armour
 b - a +0 scale mail (worn)
 c - a +0 buckler (worn)
Scrolls
 e - a scroll of holy word {unknown}
 f - 2 scrolls of amnesia {unknown}
Potions
 d - 2 potions of might
 g - a potion of curing {unknown}
 h - a potion of degeneration {unknown}


   Skills:
 + Level 3.1 Fighting
 * Level 3.0 Axes
 + Level 3.1 Armour
 + Level 2.9 Shields


You had 2 spell levels left.
You didn't know any spells.
Your spell library was empty.

Dungeon Overview and Level Annotations

Branches:
Dungeon (2/15)


Innate Abilities, Weirdness & Mutations

Your attributes grow dramatically as you level up.
You have an increased reservoir of magic. (+10% MP)
You shall have no god before yourself.


Message History

The orc wizard hits you but does no damage.
The hobgoblin hits you.
You're too confused to move!
The orc hits you but does no damage. The orc wizard barely misses you.
The hobgoblin hits you but does no damage.
Unknown command.
You slash the orc wizard!
The orc wizard is almost dead.
You barely miss the hobgoblin. You closely miss the orc.
You feel less confused. The orc misses you. You block the orc wizard's attack.
The hobgoblin hits you but does no damage.
The orc hits you but does no damage.
You closely miss the orc wizard.
The orc wizard is almost dead.
You hit the hobgoblin but do no damage. You hit the orc.
You block the orc wizard's attack. The hobgoblin hits you.
The orc hits you but does no damage.
The orc wizard hits you but does no damage.
You barely miss the orc wizard.
The orc wizard is almost dead.
You hit the hobgoblin. You closely miss the orc. The hobgoblin hits you.
* * * LOW HITPOINT WARNING * * *
The orc hits you but does no damage.
The orc wizard hits you with a +0 dagger.
* * * LOW HITPOINT WARNING * * *
The hobgoblin closely misses you.
You barely miss the orc wizard.
The orc wizard is almost dead.
You hit the hobgoblin.
You kill the hobgoblin!
You closely miss the orc. The orc hits you but does no damage.
The orc wizard hits you but does no damage.
The orc hits you but does no damage.
You closely miss the orc wizard.
The orc wizard is almost dead.
You hit the orc but do no damage.
The orc wizard gestures at you while chanting.
The magic dart hits you.
You die...

####### #..... # #.....#
#.#).. ..#.....# #.#...
........############.#...
........+..........(..>.#
#......####.#######.#.>.
.#....).####.# #.....
.......o.....# ###.#.
.......o@....# #...
.......†.....# ####
...[.........#
.............#
.............#
....#......#.#
...........#.#
..........# #


You could see an orc wizard and an orc.

Vanquished Creatures
  2 adders (D:2)
  An orc (D:2)
  2 ball pythons (D:1)
  4 bats (D:1)
  An endoplasm (D:1)
  A giant cockroach (D:1)
  4 goblins (D:1)
  3 hobgoblins
  11 jackals (D:1)
  2 quokkas
  A frilled lizard (D:1)
  6 kobolds
  4 rats (D:1)
42 creatures vanquished.

Notes
Turn   | Place    | Note
-------+----------+-------------------------------------------
     0 | D:1      | ytrimaz the Demigod Fighter began the quest for the Orb.
     0 | D:1      | Reached XP level 1. HP: 18/18 MP: 3/3
   244 | D:1      | Reached XP level 2. HP: 23/25 MP: 4/4
   840 | D:1      | Reached XP level 3. HP: 30/31 MP: 5/5
  1245 | D:2      | Killed from afar by an orc wizard

Illustrated notes

Levels and vault maps discovered:
D:1:      dpeg_arrival_chambers_temple_mockup, layout_basic
D:2:      layout_basic, ebering_ecumenical_altar_webs

Skill      XL: |  1  2  3 |
---------------+----------+-----
Axes           | 2 3 |  3.0
Armour         | 3 |  3.1
Fighting       | 3 |  3.1
Shields        | |  2.9

Action                   || total
-------------------------++-------
Melee: War axe           ||   122
Armor: Scale mail        ||    81
Dodge: Dodged            ||    63
Block: Buckler           ||    25

Table legend: (Time is in decaauts)
 A = Elapsed time spent in this place.
 B = Non-inter-level travel time spent in this place.
 C = Inter-level travel time spent in this place.
 D = Time resting spent in this place.
 E = Time spent auto-exploring this place.
 F = Levels seen in this place.
 G = Mean time per level.
                   A        B        C        D        E       F      G
               +--------+--------+--------+--------+--------+-----+--------+
         Total |   1293 |   1289 |      4 |      0 |   1034 |   2 |  646.5 |
       Dungeon |   1293 |   1289 |      4 |      0 |   1034 |   2 |  646.5 |
               +--------+--------+--------+--------+--------+-----+--------+

Top non-repeatable levels by time:
     D:1: 1129 daAuts
     D:2: 163 daAuts
